 Dungeon Crawl Stone Soup version 0.29.1-1-gd02db6906a (webtiles) character file.

Game seed: 1138941853627129270

88 Icepheonix32 the Insei (level 4, -1/48 HPs)
             Began as a Merfolk Transmuter on Sept 16, 2022.
             Slain by a black bear (3 damage)
             ... on level 3 of the Dungeon.
             The game lasted 00:04:38 (2886 turns).

Icepheonix32 the Insei (Merfolk Transmuter)         Turns: 2886, Time: 00:04:39

Health: -1/48      AC:  2    Str: 12    XL:     4   Next: 54%
Magic:  6/7        EV: 13    Int: 12    God:
Gold:   108        SH:  4    Dex: 14    Spells: 2/8 levels left

rFire   . . .      SeeInvis +     - Unarmed
rCold   . . .      Faith    .   (no shield)
rNeg    . . .      Spirit   .   a - +0 robe
rPois   .          Reflect  .   (helmet unavailable)
rElec   .          Harm     .   (no cloak)
rCorr   .          Rampage  .   (no gloves)
Will    +....                   (boots currently unavailable)
Stlth   ..........              (no amulet)
HPRegen 0.16/turn               r - ring of willpower
MPRegen 0.10/turn               j - ring of see invisible

@: berserking, appendages, very quick
A: horns 3, (nimble swimmer 2), mertail, large bone plates 1
a: End Transformation


You were on level 3 of the Dungeon.
You had temporarily grown beastly horns.
You visited 1 branch of the dungeon, and saw 3 of its levels.

You collected 108 gold pieces.

Inventory:

Armour
 a - a +0 robe (worn)
 m - a +0 pair of boots
Jewellery
 i - a ring of protection from fire
 j - a ring of see invisible (right hand)
 r - a ring of willpower (left hand)
Scrolls
 f - 3 scrolls of teleportation {unknown}
 g - a scroll of amnesia {unknown}
 h - a scroll of fog {unknown}
 l - 2 scrolls of identify {unknown}
 o - a scroll of immolation {unknown}
 q - a scroll of magic mapping {unknown}
Potions
 b - 2 potions of mutation
 c - a potion of berserk rage
 d - a potion of brilliance {unknown}
 e - a potion of attraction {unknown}
 k - a potion of might {unknown}
 n - a potion of magic {unknown}
 p - a potion of haste {unknown}


   Skills:
 + Level 1.2 Fighting
 * Level 3.5 Dodging
 + Level 0.8 Stealth
 + Level 4.1 Unarmed Combat
 + Level 2.5 Spellcasting
 * Level 3.5 Transmutations
 * Level 1.0 Poison Magic


You had 2 spell levels left.
You knew the following spells:

 Your Spells              Type           Power      Damage    Failure   Level
a - Beastly Appendage     Tmut           20%        N/A       6%          1
b - Wereblood             Tmut           10%        N/A       9%          2
c - Spider Form           Tmut/Pois      7%         N/A       30%         3

Your spell library contained the following spells:

 Spells                   Type           Power      Damage    Failure   Level
 Freeze                   Ice            4%         1d3       26%         1
 Poisonous Vapours        Pois/Air       4%         N/A       32%         2
 Static Discharge         Conj/Air       1%         3-4/arc   36%         2
 Mephitic Cloud           Conj/Pois/Air  2%         N/A       56%         3
 Frozen Ramparts          Ice            2%         1d1       61%         3
 Ice Form                 Ice/Tmut       5%         N/A       77%         4
 Corpse Rot               Necr/Pois/Air  2%         N/A       92%         4
 Hailstorm                Conj/Ice       1%         3d3       95%         4
 Lightning Bolt           Conj/Air       0%         1d11      100%        5
 Conjure Ball Lightning   Conj/Air       0%         3x3d6     100%        6
 Eringya's Noxious Bog    Tmut/Pois      3%         N/A       100%        6
 Storm Form               Tmut/Air       2%         N/A       100%        7


Dungeon Overview and Level Annotations

Branches:
Dungeon (3/15)

Altars:
Uskayaw

Shops:
D:2 [


Innate Abilities, Weirdness & Mutations

You have temporarily grown beastly horns.
((You are very nimble when in or above water. (Stealth+, EV+, Speed+++)))
Your lower body shifts to a powerful aquatic tail in water.
You are partially covered in large bone plates. (SH +4)


Message History

No target in view!
No target in view!
No target in view!
No target in view!
No target in view!
No target in view!
No target in view!
No target in view!
Your horns disappear.
You pick up the Anthology of a Hundred Curses and begin reading...
You add the spells Static Discharge, Lightning Bolt, Conjure Ball Lightning and Storm Form to your library.
A black bear comes into view.
The black bear growls angrily.
A black bear is nearby!
You grow a pair of large bovine horns.
It was a potion of mutation.
You feel extremely strange.
You feel frail.
You feel robust. The horns on your head grow some more.
Large bone plates grow over parts of your arms.
You barely miss the black bear. The black bear bites you!
The black bear claws you. x2
You hit the black bear but do no damage.
The black bear bites you.
The black bear claws you but does no damage.
The black bear claws you.
* * * LOW HITPOINT WARNING * * *
You hit the black bear. You punch the black bear.
The black bear is moderately wounded.
You hit the black bear. Your headbutt misses the black bear.
The black bear is heavily wounded.
The black bear bites you.
* * * LOW HITPOINT WARNING * * *
The black bear claws you.
* * * LOW HITPOINT WARNING * * *
The black bear claws you.
* * * LOW HITPOINT WARNING * * *
It was a potion of berserk rage.
A red film seems to cover your vision as you go berserk!
You feel yourself moving faster!
You feel mighty! The black bear closely misses you. The black bear claws you.
You die...

..# #.........# #.###
#.........# .. #...##
#.........# ..
###..####.........##.
##.......##.h###...
#####...##..# ..##
#...#†##..# .##
#..###.....##.# ....#
#..#..h@.# #....
#.....#### ..##
#......> # #..#.....#
#..#.....# ...
......# ... .......#
..........##


You could see a black bear.

Vanquished Creatures
  3 adders (D:2)
  2 worms (D:2)
  A dart slug (D:1)
  An orc (D:2)
  4 ball pythons
  5 bats
  3 endoplasms
  4 giant cockroaches
  6 goblins (D:1)
  7 hobgoblins
  4 jackals (D:2)
  2 quokkas
  2 kobolds (D:1)
  2 rats
46 creatures vanquished.

Notes
Turn   | Place    | Note
-------+----------+-------------------------------------------
     0 | D:1      | Icepheonix32 the Merfolk Transmuter began the quest for the
                  | Orb.
     0 | D:1      | Reached XP level 1. HP: 15/15 MP: 3/3
   204 | D:1      | Reached XP level 2. HP: 21/21 MP: 3/5
   231 | D:1      | Found a faded altar of an unknown god.
   836 | D:1      | Reached XP level 3. HP: 22/26 MP: 4/6
  1427 | D:2      | Found a hide-covered altar of Uskayaw.
  1463 | D:2      | Got Tatitupt's Writings on the Assassin
  1467 | D:2      | Learned a level 2 spell: Wereblood
  1471 | D:2      | Learned a level 3 spell: Spider Form
  1989 | D:2      | Reached skill level 4 in Unarmed Combat
  2118 | D:2      | Reached XP level 4. HP: 26/32 MP: 5/7
  2276 | D:2      | Found Xestuf's Armour Shop.
  2288 | D:2      | Reached skill level 1 in Poison Magic
  2864 | D:3      | Got the Anthology of a Hundred Curses
  2866 | D:3      | Noticed a black bear
  2881 | D:3      | Gained mutation: You are frail. (-10% HP) [potion of
                  | mutation]
  2881 | D:3      | Lost mutation: You are frail. (-10% HP) [potion of
                  | mutation]
  2881 | D:3      | Gained mutation: You have a pair of large horns on your
                  | head. [potion of mutation]
  2881 | D:3      | Gained mutation: You are partially covered in large bone
                  | plates. (SH +4) [potion of mutation]
  2885 | D:3      | HP: 1/32 [black bear (1)]
  2886 | D:3      | Slain by a black bear

Illustrated notes

Levels and vault maps discovered:
D:1:      heliophobic_arrival_dark_side_of_the_moon, layout_basic,
          hellmonk_ecumenical_altar_lost_god
D:2:      minmay_chambers_of_ones, layout_loops_ring, basic_altar, serial_shops,
          nicolae_shop_stone
D:3:      layout_rooms

Skill      XL: |  1  2  3  4 |
---------------+-------------+-----
Dodging        | 3 |  3.5
Transmutations | 3 |  3.5
Unarmed Combat | 4 |  4.1
Poison Magic   | 1 |  1.0
Fighting       | |  1.2
Stealth        | |  0.8
Spellcasting   | |  2.5

Action                   |  1- 3 |  4- 6 || total
-------------------------+-------+-------++-------
Melee: Unarmed           |   103 |    32 ||   135
       Headbutt          |    15 |     5 ||    20
       Punch             |     2 |     3 ||     5
 Cast: Beastly Appendage |    27 |     7 ||    34
  Use: Potion            |       |     3 ||     3
Armor: Robe              |    12 |     4 ||    16
       Skin              |       |     4 ||     4
Dodge: Dodged            |    63 |    13 ||    76
